Map: [EWC] Alcyone

Players

Reynor - Winner!

  • Race: Zerg Zerg
  • Spawn Location: 7:00

Classic

  • Race: Protoss Protoss
  • Spawn Location: 1:00

Event: Esports World Cup 2024

VOD

Have the link to the VOD?

Description

Time

  • Played on: Aug. 17, 2024, 10 a.m.
  • Length: 13:04

All games in this series

Show
View Real Time Build Order
Export as new Build Order

Reynor Zerg - Winner!

Build Orders: Hatch First 

Get SALT Encoding   

  12  0:00  Drone  
  13  0:12  Overlord  
  13  0:16  Drone  
  14  0:30  Drone x2  
  16  0:47  Hatchery  
  15  0:51  Drone  
  15  0:54  Drone  
  17  0:58  Drone  
  18  1:08  Extractor  
  17  1:13  Spawning Pool  
  17  1:15  Drone  
  17  1:20  Drone  
  18  1:27  Drone  
  19  1:38  Drone  
  20  1:50  Overlord  
  20  2:00  Queen x2  
  26  2:01  Drone x2  
  26  2:10  Zergling x4  
  26  2:13  Metabolic Boost  
  28  2:20  Drone  
  28  2:21  Drone  
  30  2:31  Drone  
  30  2:32  Drone  
  32  2:40  Hatchery  
  31  2:44  Drone  
  31  2:47  Queen  
  34  2:52  Overlord  
  34  2:55  Drone  
  34  2:56  Zergling x2  
  36  3:08  Overlord  
  36  3:09  Queen  
  36  3:11  Drone x2  
  41  3:12  Zergling x2  
  41  3:14  Drone  
  41  3:18  Drone  
  43  3:20  Drone  
  43  3:25  Overlord  
  44  3:28  Queen  
  44  3:31  Drone  
  47  3:38  Drone  
  47  3:41  Drone  
  49  3:46  Queen  
  51  3:49  Drone  
  51  3:52  Drone x2, Overlord  
  51  3:54  Drone x2  
  55  3:59  Queen, Evolution Chamber  
  56  4:04  Spore Crawler, Drone  
  56  4:06  Drone  
  57  4:12  Drone x3  
  57  4:14  Drone x2  
  62  4:19  Zergling x2  
  62  4:20  Zergling x2  
  62  4:22  Zergling x6  
  67  4:26  Zerg Melee Weapons Level 1  
  66  4:32  Roach Warren, Zergling x4  
  66  4:34  Drone  
  66  4:35  Drone  
  66  4:36  Drone  
  69  4:40  Spore Crawler  
  69  4:41  Overlord  
  69  4:44  Drone x2  
  70  4:48  Overlord  
  70  4:50  Drone x2  
  72  4:57  Drone x2  
  72  4:58  Lair  
  72  4:59  Overlord  
  73  5:05  Drone  
  74  5:07  Overlord  
  74  5:12  Drone x2  
  74  5:13  Drone x2  
  78  5:18  Overlord, Extractor  
  76  5:24  Drone x3  
  76  5:25  Drone x2  
  76  5:26  Extractor  
  76  5:28  Hatchery  
  79  5:29  Drone  
  79  5:32  Queen  
  79  5:34  Extractor  
  81  5:36  Zergling x10  
  81  5:39  Zergling x6  
  89  5:42  Overlord  
  89  5:45  Zergling x4  
  89  5:47  Zergling x8  
  92  5:50  Zergling x4  
  91  5:59  Overlord  
  91  6:00  Pneumatized Carapace  
  91  6:05  Roach x5  
  91  6:11  Zergling x6, Roach x2  
  108  6:12  Hatchery  
  107  6:20  Overlord  
  107  6:24  Zergling x8  
  107  6:27  Zergling x4, Roach x2  
  107  6:28  Queen  
  107  6:32  Zergling x2  
  112  6:36  Zergling x2  
  110  6:43  Zergling x10  
  110  6:45  Ravager x3  
  118  6:47  Queen  
  118  6:50  Roach x2  
  124  6:56  Zergling x8  
  128  7:01  Overlord  
  128  7:03  Zergling x2  
  128  7:06  Ravager  
  128  7:07  Ravager  
  129  7:10  Overlord  
  129  7:21  Overlord  
  126  7:23  Zergling x6, Roach x2  
  126  7:24  Zergling x6  
  126  7:29  Zergling x8  
  139  7:41  Roach x6  
  128  7:45  Queen x2  
  128  7:48  Roach  
  128  7:49  Roach  
  128  7:50  Zergling x2  
  116  7:59  Roach x2  
  116  8:02  Zerg Missile Weapons Level 1  
  111  8:07  Zergling x4, Roach x2  
  111  8:10  Drone x2  
  111  8:11  Glial Reconstitution  
  111  8:12  Drone  
  120  8:19  Drone  
  122  8:20  Drone x2, Baneling Nest  
  122  8:22  Queen  
  122  8:23  Drone  
  125  8:29  Drone x2  
  126  8:35  Drone x4  
  126  8:36  Zergling x4  
  126  8:37  Hatchery, Zergling x4  
  126  8:38  Extractor  
  132  8:41  Zergling x4  
  132  8:47  Drone x2  
  134  8:49  Drone x2  
  134  8:50  Drone  
  134  8:51  Drone  
  138  8:58  Zergling x2, Roach x2  
  138  9:02  Zergling x14  
  150  9:07  Centrifugal Hooks  
  149  9:10  Roach x2  
  149  9:12  Baneling x4  
  149  9:14  Drone x4  
  157  9:17  Overlord  
  157  9:22  Overlord  
  155  9:26  Evolution Chamber  
  154  9:31  Overlord  
  154  9:34  Baneling x3, Overlord  
  154  9:36  Baneling x9  
  154  9:37  Zergling x2, Roach x2  
  159  9:40  Overlord  
  158  9:49  Zergling x28  
  158  9:52  Overlord  
  171  9:55  Zerg Melee Weapons Level 2  
  171  10:00  Zergling x4  
  171  10:01  Zergling x10  
  171  10:02  Zergling x2  
  171  10:06  Zergling x6  
  182  10:11  Overlord  
  182  10:13  Zergling x6  
  185  10:16  Zergling x6  
  185  10:17  Zergling x4  
  185  10:20  Infestation Pit  
  189  10:21  Zergling x2  
  189  10:24  Baneling x4  
  189  10:25  Zergling x4  
  192  10:35  Zergling x14  
  197  10:45  Ravager x2  
  196  11:04  Zergling x14  
  196  11:07  Hive  
  196  11:09  Hydralisk Den  
  188  11:19  Zergling x24  
  193  11:26  Drone  
  193  11:28  Overlord, Extractor  
  193  11:37  Baneling x5  
  193  11:41  Spine Crawler  
  193  11:42  Drone x5  
  193  11:43  Drone  
  193  11:45  Overlord, Lurker Den, Extractor  
  196  11:47  Lurker Den  
  196  11:52  Baneling x4  
  194  11:58  Zergling x30  
  198  12:06  Baneling x15  
  198  12:07  Baneling  
  198  12:08  Baneling x25  
  197  12:23  Baneling x10  
  189  12:33  Zergling x44  
  166  12:40  Roach  
  164  12:45  Zergling x6  
Show
View Real Time Build Order
Export as new Build Order

Classic Protoss 

Build Orders: 1 Gate Expand, Oracle Opening, Archon Immortal 

Get SALT Encoding   

  12  0:00  Probe  
  13  0:12  Probe  
  14  0:19  Pylon  
  14  0:24  Probe  
  15  0:37  Probe (Chrono Boost)  
  15  0:38  Gateway  
  16  0:48  Assimilator, Probe (Chrono Boost)  
  17  0:53  Probe (Chrono Boost)  
  18  1:03  Probe  
  19  1:16  Probe  
  20  1:24  Nexus  
  20  1:28  Probe  
  21  1:37  Cybernetics Core  
  21  1:40  Probe  
  21  1:46  Assimilator  
  22  1:51  Pylon  
  22  1:54  Probe  
  23  2:09  Probe  
  23  2:10  Adept (Chrono Boost)  
  26  2:17  Stargate  
  26  2:21  Probe  
  27  2:25  Warp Gate  
  27  2:35  Stalker  
  29  2:39  Probe x2 (Chrono Boost)  
  31  2:49  Probe x2 (Chrono Boost)  
  33  2:53  Probe (Chrono Boost)  
  33  2:54  Probe (Chrono Boost)  
  35  3:01  Oracle (Chrono Boost)  
  35  3:05  Probe x2  
  40  3:09  Pylon  
  40  3:17  Probe x2  
  42  3:20  Gateway  
  42  3:29  Probe x2  
  42  3:30  Oracle (Chrono Boost)  
  47  3:42  Nexus  
  47  3:46  Probe x2  
  49  3:49  Pylon  
  49  3:55  Assimilator  
  49  3:57  Assimilator  
  49  3:59  Probe  
  49  4:00  Probe  
  51  4:04  Oracle (Chrono Boost)  
  51  4:07  Pylon  
  54  4:13  Adept  
  54  4:14  Adept  
  58  4:18  Probe  
  58  4:19  Probe  
  60  4:25  Pylon  
  60  4:30  Twilight Council  
  60  4:37  Probe x2  
  62  4:42  Adept  
  62  4:43  Forge, Adept  
  66  4:50  Probe x2 (Chrono Boost)  
  68  4:54  Robotics Facility  
  68  4:57  Probe (Chrono Boost)  
  69  5:02  Probe x2 (Chrono Boost)  
  71  5:08  Probe x3 (Chrono Boost)  
  74  5:15  Protoss Ground Weapons Level 1  
  74  5:16  Charge, Gateway, Probe x2  
  74  5:18  Gateway  
  76  5:21  Probe  
  77  5:31  Templar Archives  
  77  5:32  Gateway  
  77  5:34  Gateway, Probe x2  
  77  5:35  Probe  
  80  5:41  Assimilator  
  80  5:44  Assimilator  
  80  5:46  Pylon  
  76  5:52  Probe x3  
  75  5:59  Immortal (Chrono Boost)  
  79  6:04  Probe x3  
  82  6:16  Probe, Psionic Storm  
  82  6:17  Zealot x4  
  91  6:20  Probe x2  
  92  6:28  Probe  
  92  6:29  Pylon  
  92  6:32  Probe x2, Immortal (Chrono Boost)  
  89  6:40  Probe  
  89  6:41  Shield Battery  
  89  6:42  High Templar x3  
  89  6:44  Probe x2  
  89  6:46  High Templar  
  100  6:48  Zealot x2  
  100  6:51  Pylon  
  104  6:57  Probe x3  
  107  7:08  Shield Battery  
  107  7:09  Shield Battery, Immortal  
  107  7:10  Pylon  
  107  7:12  Pylon  
  107  7:15  High Templar x2  
  115  7:19  Archon  
  115  7:20  Zealot  
  115  7:22  Photon Cannon  
  117  7:24  Photon Cannon  
  117  7:26  Shield Battery  
  117  7:30  Zealot x3  
  92  7:44  Zealot  
  92  7:45  Archon x2  
  92  7:48  Zealot x2  
  90  7:52  Zealot x2  
  90  7:53  Zealot  
  86  7:59  Probe, Immortal (Chrono Boost)  
  86  8:00  Probe x2  
  93  8:10  High Templar x2  
  98  8:12  Probe  
  98  8:13  Probe x2  
  98  8:14  Archon  
  98  8:15  High Templar  
  98  8:16  Zealot, High Templar  
  106  8:23  Protoss Ground Weapons Level 2 (Chrono Boost)  
  106  8:24  Probe  
  106  8:25  Probe x2  
  109  8:31  Immortal (Chrono Boost)  
  113  8:37  Zealot x2  
  110  8:42  Zealot  
  110  8:45  Phoenix (Chrono Boost)  
  110  8:50  Zealot  
  110  8:52  Probe x2  
  110  8:53  Probe  
  115  8:57  Zealot  
  117  9:04  Probe x2  
  117  9:05  Probe  
  117  9:08  Observer (Chrono Boost)  
  121  9:12  Pylon  
  121  9:13  Pylon  
  121  9:16  Probe  
  121  9:17  Probe x2  
  124  9:21  Immortal (Chrono Boost)  
  128  9:29  Probe x3  
  128  9:30  Pylon  
  131  9:32  High Templar x2  
  135  9:45  Probe x3 (Chrono Boost)  
  125  9:57  Probe x2 (Chrono Boost), Immortal  
  125  9:58  Probe (Chrono Boost)  
  132  10:00  Pylon  
  132  10:03  Probe x3 (Chrono Boost)  
  132  10:05  Stalker x2  
  139  10:14  Probe x2  
  139  10:15  Probe  
  142  10:23  High Templar x2  
  142  10:24  High Templar x2  
  150  10:28  Stalker x2  
  150  10:29  Archon  
  150  10:31  Archon  
  154  10:37  Protoss Ground Armor Level 1 (Chrono Boost)  
  154  10:39  Nexus  
  153  10:42  Pylon  
  150  10:57  High Templar x2  
  150  10:58  Immortal  
  150  11:02  Archon  
  158  11:06  Nexus  
  158  11:07  Pylon  
  158  11:10  Pylon  
  158  11:11  Stalker, Pylon  
  157  11:22  Probe  
  157  11:23  Probe x2  
  155  11:28  Pylon  
  155  11:30  Pylon  
  155  11:33  High Templar x3  
  155  11:34  Zealot, High Templar  
  155  11:35  Zealot, Probe  
  155  11:38  Archon x2  
  155  11:39  Gateway  
  168  11:40  Gateway  
  168  11:41  Warp Prism (Chrono Boost)  
  170  12:04  High Templar  
  170  12:05  Zealot x2, High Templar  
  170  12:06  Zealot x2  
  182  12:09  Pylon  
  182  12:10  Archon  
  176  12:26  Stalker  
  176  12:27  Stalker  
  176  12:34  Zealot x4  
  176  12:36  Archon  
  111  12:55  Zealot x8  
Tags
 
Add a new tag
Caveats
  • Supply blocks, unpowered buildings, or Contaminate may cause inaccurate times.
  • Supply counts are checked every 10 seconds.